 Dungeon Crawl Stone Soup version 0.20.1-1-g8b1a95d (webtiles) character file.

12921 graki42 the Thaumaturge (level 11, -10/57 HPs)
             Began as a Deep Elf Fire Elementalist on Aug 10, 2017.
             Was a Priest of Vehumet.
             Mangled by Snorg (13 damage)
             ... on level 10 of the Dungeon.
             The game lasted 01:02:07 (10056 turns).

graki42 the Thaumaturge (DEFE)                     Turns: 10056, Time: 01:02:07

Health: -10/57     AC: 13    Str:  8    XL:     11   Next: 68%
Magic:  3/30       EV: 14    Int: 23    God:    Vehumet [***...]
Gold:   409        SH:  0    Dex: 15    Spells: 17/37 levels left

rFire    + . .     SeeInvis +   T - +7 halberd of Pandemonium {freeze, rF+ rN+++ SInv Stlth+}
rCold    . . .     Gourm    +   (shield currently unavailable)
rNeg     + + +     Faith    .   Q - +1 leather armour "Caannuubb" {MR++ Int+2} (curse)
rPois    +         Spirit   .   r - +2 helmet of Tender Moments {rPois}
rElec    .         Reflect  .   K - +2 cloak {+Inv}
rCorr    .         Harm     .   a - +2 pair of gloves
MR       +++..                  (no boots)
Stlth    ++++......             f - amulet of the gourmand
Regen    0.2/turn               (no ring)
MPRegen  0.3/turn               (no ring)

@: no status effects
A: no striking features
a: Renounce Religion, Evoke Invisibility


You were on level 10 of the Dungeon.
You worshipped Vehumet.
Vehumet was most pleased with you.
You were completely stuffed.

You visited 2 branches of the dungeon, and saw 11 of its levels.

You collected 409 gold pieces.

Inventory:

Hand Weapons
 T - the +7 halberd of Pandemonium (weapon) {freeze, rF+ rN+++ SInv Stlth+}
   (You found it on level 10 of the Dungeon)

   It has been specially enchanted to freeze those struck by it, causing extra
   injury to most foes and up to half again as much damage against particularly
   susceptible opponents.
   It can also slow down cold-blooded creatures.
   It protects you from fire.
   It renders you almost immune to negative energy.
   It lets you see invisible.
   It makes you more stealthy.
Missiles
 D - a throwing net (quivered)
Armour
 a - a +2 pair of gloves (worn)
 e - a +2 leather armour of fire resistance
 j - a +2 buckler
 r - the +2 helmet of Tender Moments (worn) {rPois}
   (You took it off Robin on level 2 of the Dungeon)

   It protects you from poison.
 G - a +1 robe of magic resistance
 J - a +2 robe of cold resistance
 K - a +2 cloak of invisibility (worn)
 N - a scarf of repulsion
 Q - the cursed +1 leather armour "Caannuubb" (worn) {MR++ Int+2}
   (You found it on level 10 of the Dungeon)

   It affects your intelligence (+2).
   It affects your resistance to hostile enchantments.
   It has a curse placed upon it.
Magical Staves
 E - an uncursed staff of summoning
Jewellery
 f - an amulet of the gourmand (around neck)
 O - an uncursed ring of ice
 R - the ring "Weyt" {+Inv rF- rC+ rN+ Stlth+, unknown}
   (You found it on level 10 of the Dungeon)

   [ring of stealth]

   It makes you vulnerable to fire.
   It protects you from cold.
   It protects you from negative energy.
   It lets you turn invisible.
   It makes you more stealthy.
Wands
 b - a wand of flame (32/48)
 d - a wand of scattershot (4/9)
 L - a wand of random effects (27/48)
Scrolls
 g - a scroll of immolation {unknown}
 i - 2 scrolls of teleportation
 l - 2 scrolls of enchant weapon {unknown}
 o - a scroll of recharging
 u - a scroll of fear {unknown}
 v - 2 scrolls of fog
 y - a scroll of summoning {unknown}
 C - a scroll of remove curse {unknown}
 M - a scroll of identify
Potions
 h - 2 potions of heal wounds
 k - a potion of invisibility
 m - 4 potions of curing
 p - 3 potions of brilliance {unknown}
 q - 2 potions of berserk rage {unknown}
 w - a potion of mutation
 x - a potion of resistance
 z - 4 potions of agility {unknown}
 B - 5 potions of might
Books
 F - a book of Conjurations

   Spells                             Type                      Level
   a - Magic Dart                     Conjuration                  1
   b - Searing Ray                    Conjuration                  2
   c - Dazzling Spray                 Conjuration/Hexes            3
   d - Fulminant Prism                Conjuration/Hexes            4
   e - Force Lance                    Conjuration/Translocation    4
   f - Iskenderun's Mystic Blast      Conjuration                  4
 I - a book of Cantrips

   Spells                             Type                      Level
   a - Confusing Touch                Hexes                        1
   b - Animate Skeleton               Necromancy                   1
   c - Summon Small Mammal            Summoning                    1
   d - Apportation                    Translocation                1
 S - a book of the Sky

   Spells                             Type                      Level
   a - Summon Lightning Spire         Summoning/Air                4
   b - Silence                        Hexes/Air                    5
   c - Deflect Missiles               Charms/Air                   6
   d - Conjure Ball Lightning         Conjuration/Air              6
   e - Tornado                        Air                          9
Miscellaneous
 n - a lamp of fire (inert)
 P - a fan of gales
Comestibles
 c - 7 bread rations
 s - 8 meat rations
 t - 3 fruits
 A - 11 royal jellies
 H - 3 chunks of flesh


   Skills:
 + Level 2.0 Fighting
 + Level 4.3 Staves
 + Level 4.6 Dodging
 + Level 5.2 Stealth
 + Level 0.4 Unarmed Combat
 + Level 13.7 Spellcasting
 + Level 9.7 Conjurations
 + Level 3.9 Hexes
 + Level 11.3 Fire Magic
 + Level 1.0 Evocations


You had 17 spell levels left.
You knew the following spells:

 Your Spells              Type           Power        Failure   Level  Hunger
a - Flame Tongue          Conj/Fire      #####        1%          1    None
b - Conjure Flame         Conj/Fire      ######..     1%          3    None
c - Inner Flame           Hex/Fire       ######..     1%          3    None
d - Sticky Flame          Conj/Fire      ######..     1%          4    None
e - Fireball              Conj/Fire      ######....   1%          5    ###....
f - Iskenderun's Mystic   Conj           ######..     1%          4    None


Dungeon Overview and Level Annotations

Branches:
Dungeon (10/15)            Temple (1/1) D:4            Lair (0/6) D:8
    Orc: D:9-12

Altars:
Ashenzari
Cheibriados
Dithmenos
Elyvilon
Fedhas
Gozag
Hepliaklqana
Kikubaaqudgha
Makhleb
Nemelex Xobeh
Okawaru
Ru
Trog
Uskayaw
Vehumet
Xom
Yredelemnul
Zin
The Shining One

Annotations:
D:8 Gastronok; nightbobicus's ghost, novice HOFi
D:10 Snorg


Message History

Casting: Sticky Flame
Confirm with . or Enter, or press ? or * to list all spells.
Aiming: Iskenderun's Mystic Blast
Press: ? - help, Shift-Dir - straight line, f/p - Snorg
Aim: Snorg (severely wounded, berserk, fast, unusually strong, covered in liquid flames)
The orb of energy misses Snorg.
Snorg burns!
Snorg bites you. Snorg claws you but does no damage. Snorg claws you!
Snorg bites you!! Snorg completely misses you. Snorg claws you.
* * * LOW HITPOINT WARNING * * *
Casting: Iskenderun's Mystic Blast
Confirm with . or Enter, or press ? or * to list all spells.
Aiming: Iskenderun's Mystic Blast
Press: ? - help, Shift-Dir - straight line, f/p - Snorg
Aim: Snorg (severely wounded, berserk, fast, unusually strong, covered in liquid flames)
The orb of energy hits Snorg.
Snorg is almost dead.
The orb of energy explodes!
Snorg burns!
Snorg bites you!
* * * LOW HITPOINT WARNING * * *
Snorg claws you!
You die...

.......##.#...#.#.......###''##.#
......##.##.)##.#.#.............#
......#.##.###.##.#.............#
......##.##...##.####.###.......#
.......##.#####.###.....##......#
........##.....###..#....##....##
......###.....###..##.##..##....#
#....##.)...####....#.#....#.....
#...##.[###..##.@##...#.##.#..)..
#..##..## #...#T.##).....#....[.o
#..#..## #.........#....#.#..).[
#..#.## #...#.....#......#....)
#...## #..##.#...#.....##..<..
#..## ...##.###).#....## ... #..#
#..##.. ##.....## #.. +..##
#.##..# ###)### #...## ###..#
..).


You could see Snorg (berserk).

Vanquished Creatures
  A hydra (D:10)
  Erica (D:8)
  3 two-headed ogres
  A wizard (D:10)
  Pikel (D:7)
  Psyche (D:8)
  A queen bee (D:9)
  Grinder (D:6)
  A slime creature (D:10)
  3 hippogriffs
  Sigmund (D:6)
  8 yaks (D:9)
  2 hungry ghosts
  A vampire mosquito (D:10)
  Edmund (D:6)
  A water moccasin (D:7)
  3 ice beasts
  3 sky beasts
  3 slaves (D:7)
  4 orc warriors
  5 centaurs
  5 ogres
  A big kobold (D:10)
  7 bullfrogs
  4 scorpions
  27 killer bees
  2 jellies
  6 crimson imps
  2 bullfrog zombies
  9 orc priests
  4 orc wizards
  3 hounds
  Crazy Yiuf (D:2)
  3 centaur skeletons
  A bullfrog skeleton (D:5)
  An iguana (D:9)
  9 worker ants
  A killer bee zombie (D:9)
  A hound zombie (D:7)
  A worker ant zombie (D:5)
  Robin (D:2)
  7 adders
  3 gnolls (D:5)
  A howler monkey skeleton (D:6)
  2 shadow imps
  A white imp (D:6)
  An ooze (D:1)
  An adder skeleton (D:4)
  2 worms
  A dart slug (D:2)
  8 leopard geckos
  46 orcs
  A ball python (D:2)
  6 giant cockroaches
  14 goblins
  8 hobgoblins
  11 jackals
  11 kobolds
  A quokka (D:2)
  5 bats
  9 frilled lizards
  4 rats
278 creatures vanquished.

Vanquished Creatures (others)
  A fungus (D:2)
1 creature vanquished.

Grand Total: 279 creatures vanquished

Notes
Turn   | Place    | Note
-------+----------+-------------------------------------------
     0 | D:1      | graki42 the Deep Elf Fire Elementalist began the quest for the Orb.
     0 | D:1      | Reached XP level 1. HP: 10/10 MP: 6/6
   252 | D:1      | Reached XP level 2. HP: 15/15 MP: 2/8
   829 | D:2      | Found an iron altar of Okawaru.
   910 | D:2      | Reached XP level 3. HP: 11/19 MP: 3/10
  1008 | D:2      | Learned a level 3 spell: Conjure Flame
  1012 | D:2      | Learned a level 3 spell: Inner Flame
  1069 | D:2      | Found a hazy altar of Hepliaklqana.
  1072 | D:2      | Found a shadowy altar of Dithmenos.
  1077 | D:2      | Found a burning altar of Makhleb.
  1083 | D:2      | Found a hide-covered altar of Uskayaw.
  1445 | D:2      | Reached skill level 4 in Spellcasting
  1484 | D:2      | Noticed Robin
  1550 | D:2      | Reached XP level 4. HP: 24/24 MP: 3/12
  1744 | D:2      | Found a runed door.
  2048 | D:2      | Killed Robin
  2058 | D:2      | Got a pitted helmet
  2073 | D:2      | Identified the +2 helmet of Tender Moments {rPois} (You took it off Robin on level 2 of the Dungeon)
  2137 | D:2      | Noticed Crazy Yiuf
  2178 | D:2      | Killed Crazy Yiuf
  2538 | D:3      | Reached XP level 5. HP: 28/28 MP: 11/13
  2590 | D:3      | Learned a level 4 spell: Sticky Flame
  3225 | D:4      | Reached skill level 5 in Spellcasting
  3404 | D:4      | Reached XP level 6. HP: 28/32 MP: 10/16
  3488 | D:4      | Found a staircase to the Ecumenical Temple.
  3497 | D:4      | Reached skill level 5 in Fire Magic
  3510 | Temple   | Entered the Ecumenical Temple
  3672 | Temple   | Became a worshipper of Vehumet
  3737 | D:4      | Reached skill level 6 in Spellcasting
  3740 | D:4      | Reached skill level 1 in Staves
  3924 | D:4      | Got a warped chain mail
  3988 | D:5      | Entered Level 5 of the Dungeon
  3994 | D:5      | Noticed a sky beast
  4005 | D:4      | Killed a sky beast
  4005 | D:4      | Reached XP level 7. HP: 20/37 MP: 8/18
  4617 | D:5      | Identified the +5 chain mail of Ellabaepp {+Blink Slay+3} (You found it on level 4 of the Dungeon)
  4769 | D:5      | Reached skill level 7 in Spellcasting
  5086 | D:6      | Found a sparkling altar of Nemelex Xobeh.
  5118 | D:6      | Reached XP level 8. HP: 33/42 MP: 17/20
  5147 | D:6      | Noticed Grinder
  5162 | D:6      | Killed Grinder
  5162 | D:6      | Reached skill level 8 in Spellcasting
  5182 | D:6      | Reached * piety under Vehumet
  5182 | D:6      | Offered knowledge of Shock by Vehumet.
  5314 | D:6      | Noticed Edmund
  5329 | D:6      | Killed Edmund
  5329 | D:6      | Reached skill level 5 in Conjurations
  5329 | D:6      | Reached skill level 1 in Hexes
  5420 | D:6      | Noticed Sigmund
  5426 | D:6      | Killed Sigmund
  5435 | D:6      | Learned a level 5 spell: Fireball
  5511 | D:6      | Reached skill level 9 in Spellcasting
  5729 | D:7      | Reached skill level 1 in Fighting
  5729 | D:7      | Reached XP level 9. HP: 42/47 MP: 21/24
  5736 | D:7      | Found a hazy altar of Hepliaklqana.
  5996 | D:7      | Reached skill level 10 in Spellcasting
  6146 | D:7      | Noticed Pikel
  6153 | D:7      | Killed Pikel
  6433 | D:7      | Offered knowledge of Throw Frost by Vehumet.
  6449 | D:7      | Reached ** piety under Vehumet
  6449 | D:7      | Reached XP level 10. HP: 52/52 MP: 11/26
  6739 | D:8      | Noticed Erica
  6744 | D:8      | Killed Erica
  6744 | D:8      | Reached skill level 11 in Spellcasting
  6964 | D:8      | Noticed Gastronok
  7008 | D:8      | Noticed a two-headed ogre
  7016 | D:8      | Killed a two-headed ogre
  7063 | D:8      | Noticed Psyche
  7076 | D:8      | Killed Psyche
  7640 | D:8      | Found a staircase to the Lair.
  7721 | D:8      | Noticed nightbobicus's ghost (novice HOFi)
  7735 | D:8      | Reached skill level 10 in Fire Magic
  7918 | D:8      | Reached skill level 12 in Spellcasting
  7920 | D:8      | Noticed a two-headed ogre
  7925 | D:8      | Killed a two-headed ogre
  7934 | D:8      | Found an iron altar of Okawaru.
  7934 | D:8      | Found a glowing silver altar of Zin.
  7979 | D:9      | Learned a level 4 spell: Iskenderun's Mystic Blast
  8267 | D:9      | Reached XP level 11. HP: 57/57 MP: 21/29
  8516 | D:9      | Reached skill level 5 in Stealth
  8675 | D:9      | Offered knowledge of Mephitic Cloud by Vehumet.
  8952 | D:9      | Reached *** piety under Vehumet
  8984 | D:9      | Reached skill level 13 in Spellcasting
  9096 | D:10     | Entered Level 10 of the Dungeon
  9254 | D:10     | Noticed a wizard
  9261 | D:10     | Noticed a four-headed hydra
  9261 | D:10     | Killed a wizard
  9391 | D:10     | Offered knowledge of Ignite Poison by Vehumet.
  9439 | D:10     | Noticed a two-headed ogre
  9442 | D:10     | Killed a two-headed ogre
  9582 | D:10     | Got a heavily runed leather armour
  9594 | D:10     | Got a wavering marble ring
  9712 | D:10     | Got a fine halberd
  9715 | D:10     | Identified the +7 halberd of Pandemonium {freeze, rF+ rN+++ SInv Stlth+} (You found it on level 10 of the Dungeon)
  9738 | D:10     | Identified the cursed +1 leather armour "Caannuubb" {MR++ Int+2} (You found it on level 10 of the Dungeon)
  9781 | D:10     | Killed a four-headed hydra
  9781 | D:10     | Reached skill level 1 in Evocations
  9876 | D:10     | Noticed Snorg
 10056 | D:10     | Mangled by Snorg

Skill      XL: |  1  2  3  4  5  6  7  8  9 10 11 |
---------------+----------------------------------+-----
Fire Magic     | 4 5 6 7 9 10 11 | 11.3
Spellcasting   | 4 5 6 7 9 10 12 13 | 13.7
Conjurations   | 2 3 4 5 7 8 9 |  9.7
Stealth        | 3 4 5 |  5.2
Staves         | 1 2 3 4 |  4.3
Dodging        | 3 4 |  4.6
Hexes          | 1 2 3 |  3.9
Fighting       | 1 2 |  2.0
Evocations     | 1 |  1.0
Unarmed Combat | |  0.4

Action                   |  1- 3 |  4- 6 |  7- 9 | 10-12 || total
-------------------------+-------+-------+-------+-------++-------
Melee: Unarmed           |       |     8 |       |       ||     8
       Quarterstaff      |       |     6 |    30 |     4 ||    40
 Cast: Flame Tongue      |    71 |   102 |    75 |   106 ||   354
       Conjure Flame     |     1 |     6 |    15 |     8 ||    30
       Sticky Flame      |       |     4 |    24 |    48 ||    76
       Inner Flame       |       |     2 |    10 |    10 ||    22
       Fireball          |       |       |     3 |    26 ||    29
       Iskenderun's Myst |       |       |       |    21 ||    21
 Abil: Evoke Invisibilit |       |       |       |     1 ||     1
Evoke: Wand              |       |       |       |     1 ||     1
       Lamp of fire      |       |       |       |     1 ||     1
  Use: Potion            |       |     1 |       |       ||     1
       Scroll            |       |       |     5 |    10 ||    15
  Eat: Chunk             |     2 |    20 |    10 |    20 ||    52
Armor: Robe              |     3 |     9 |    22 |    35 ||    69
       Leather armour    |       |       |       |     6 ||     6
Dodge: Dodged            |    20 |    43 |    55 |   108 ||   226
       Deflected         |       |       |       |     1 ||     1
Block: Buckler           |     2 |       |       |       ||     2
